 Dungeon Crawl Stone Soup version 0.24.0-37-gcf1ca852f1 (webtiles) character file.

Game seed: 8502061794915044406, levelgen mode: deterministic

81 Iamsoldier the Charmwright (level 4, -5/38 HPs)
             Began as a Gnoll Skald on Dec 2, 2019.
             Slain by a gnoll
             ... wielding a +0 spear
              (7 damage)
             ... on level 2 of the Dungeon.
             The game lasted 00:02:41 (1243 turns).

Iamsoldier the Charmwright (Gnoll Skald)            Turns: 1243, Time: 00:02:41

Health: -5/38      AC:  3    Str: 13    XL:     4   Next: 40%
Magic:  1/11       EV: 14    Int: 16    God:
Gold:   68         SH:  0    Dex: 15    Spells: 4/13 levels left

rFire    + . .     SeeInvis .   a - +0 spear
rCold    + . .     Gourm    .   (no shield)
rNeg     . . .     Faith    .   b - +0 leather armour
rPois    .         Spirit   .   (no helmet)
rElec    .         Reflect  .   f - scarf {rC+ rF+}
rCorr    .         Harm     .   (no gloves)
MR       .....                  (no boots)
Stlth    ++........             (no amulet)
HPRegen  0.12/turn              (no ring)
MPRegen  0.12/turn              (no ring)

@: no status effects
A: distributed training, fangs 1, strong nose
a: no special abilities


You were on level 2 of the Dungeon.
You were not hungry.

You visited 1 branch of the dungeon, and saw 2 of its levels.

You collected 68 gold pieces.

Inventory:

Hand Weapons
 a - a +0 spear (weapon)
Armour
 b - a +0 leather armour (worn)
 f - a scarf of resistance (worn)
 j - a +0 buckler
Scrolls
 g - a scroll of remove curse
 i - 2 scrolls of teleportation {unknown}
 k - 2 scrolls of enchant weapon {unknown}
 l - a scroll of amnesia {unknown}
Potions
 c - a potion of lignification
 m - a potion of ambrosia {unknown}
 n - a potion of brilliance {unknown}
Comestibles
 d - 5 rations
 h - a chunk of flesh


   Skills:
 + Level 4.6 Fighting
 + Level 1.1 Short Blades
 + Level 1.1 Long Blades
 + Level 1.1 Axes
 + Level 1.1 Maces & Flails
 + Level 4.6 Polearms
 + Level 1.1 Staves
 + Level 1.1 Slings
 + Level 1.1 Bows
 + Level 1.1 Crossbows
 + Level 1.1 Throwing
 + Level 2.7 Armour
 + Level 4.6 Dodging
 + Level 1.1 Stealth
 + Level 1.1 Shields
 + Level 1.1 Unarmed Combat
 + Level 5.0 Spellcasting
 + Level 0.8 Conjurations
 + Level 0.8 Hexes
 + Level 5.4 Charms
 + Level 0.8 Summonings
 + Level 0.8 Necromancy
 + Level 0.8 Translocations
 + Level 0.8 Transmutations
 + Level 0.8 Fire Magic
 + Level 0.8 Ice Magic
 + Level 0.8 Air Magic
 + Level 0.8 Earth Magic
 + Level 0.8 Poison Magic
 + Level 1.2 Invocations
 + Level 1.1 Evocations


You had 4 spell levels left.
You knew the following spells:

 Your Spells              Type           Power        Failure   Level  Hunger
a - Infusion              Chrm           ###.         1%          1    None
b - Shroud of Golubria    Chrm/Tloc      ##....       8%          2    #......
c - Spectral Weapon       Hex/Chrm       ##......     16%         3    ###....
d - Regeneration          Chrm/Necr      ##........   16%         3    ###....

Your spell library contained the following spells:

 Spells                   Type           Power        Failure   Level  Hunger
 Song of Slaying          Chrm           ###.....     3%          2    #......


Dungeon Overview and Level Annotations

Branches:
Dungeon (2/15)

Altars:


Innate Abilities, Weirdness & Mutations

Your experience applies equally to all skills.
You have very sharp teeth.
Your uncanny sense of smell can sniff out nearby items.


Message History

The gnoll hits you from afar with a +0 halberd!
You are too injured to fight recklessly!
You are too injured to fight recklessly!
Your magical infusion is running out.
There is an open door here.
You are no longer magically infusing your attacks.
Your magical contamination has completely faded away.
The gnoll hits you from afar with a +0 spear.
* * * LOW HITPOINT WARNING * * *
Casting: Spectral Weapon (safe; 16% risk of failure)
Confirm with . or Enter, or press ? or * to list all spells.
Space distorts slightly along a thin shroud covering your body.
The gnoll hits you from afar with a +0 spear.
* * * LOW HITPOINT WARNING * * *
Your shroud bends the gnoll's attack away.
The gnoll hits you with a +0 spear.
* * * LOW HITPOINT WARNING * * *
Your shroud falls apart!
The gnoll hits you from afar with a +0 spear!
You die...

#.......####+####.#
#.###...#.......#.# ..
#.# #...#.......#.# ...
#.###.###...#...#.####
..##.....#.'..###..+....#
..#.####..#...#...####.#
#.#.####.##..gg...# #.# .
#.#.......#.......# #.###
..#.........####@#####
#...# ..##..รท.....#
#.#...# ###.# ..
#..####+## #...### #.#
..##.>...".# ###.# #.#
....######## #####.# #.#
....# #g.).(# #.# ....#
#.##### #.# ....# #.#
##.####### ####### #.#


You could see 2 gnolls.

Vanquished Creatures
  2 gnolls (D:2)
  3 adders (D:2)
  An ooze (D:2)
  A worm (D:2)
  A dart slug (D:2)
  5 bats
  A giant cockroach (D:2)
  4 goblins
  3 hobgoblins (D:1)
  3 kobolds
  A rat (D:1)
25 creatures vanquished.

Notes
Turn   | Place    | Note
-------+----------+-------------------------------------------
     0 | D:1      | Iamsoldier the Gnoll Skald began the quest for the Orb.
     0 | D:1      | Reached XP level 1. HP: 20/20 MP: 6/6
   221 | D:1      | Reached XP level 2. HP: 26/26 MP: 4/7
   228 | D:1      | Learned a level 2 spell: Shroud of Golubria
   589 | D:2      | Reached skill level 5 in Spellcasting
   589 | D:2      | Reached XP level 3. HP: 31/31 MP: 3/9
   645 | D:2      | Learned a level 3 spell: Spectral Weapon
   649 | D:2      | Learned a level 3 spell: Regeneration
   967 | D:2      | Reached skill level 1 in Invocations
  1141 | D:2      | Reached skill level 1 in Short Blades
  1141 | D:2      | Reached skill level 1 in Long Blades
  1141 | D:2      | Reached skill level 1 in Axes
  1141 | D:2      | Reached skill level 1 in Maces & Flails
  1141 | D:2      | Reached skill level 1 in Staves
  1141 | D:2      | Reached skill level 1 in Slings
  1141 | D:2      | Reached skill level 1 in Bows
  1141 | D:2      | Reached skill level 1 in Crossbows
  1141 | D:2      | Reached skill level 1 in Throwing
  1141 | D:2      | Reached skill level 1 in Stealth
  1141 | D:2      | Reached skill level 1 in Shields
  1141 | D:2      | Reached skill level 1 in Unarmed Combat
  1141 | D:2      | Reached skill level 1 in Evocations
  1141 | D:2      | Reached XP level 4. HP: 35/38 MP: 11/11
  1243 | D:2      | Slain by a gnoll

Levels and vault maps discovered:
D:1:      dpeg_arrival_round_b, layout_rooms, minmay_small_reverse_x
D:2:      layout_basic, lemuel_doored_altar, kennysheep_generic_room_8

Skill      XL: |  1  2  3 |
---------------+----------+-----
Spellcasting   | 5 |  5.0
Invocations    | 1 |  1.2
Short Blades   | 1 |  1.1
Long Blades    | 1 |  1.1
Axes           | 1 |  1.1
Maces & Flails | 1 |  1.1
Staves         | 1 |  1.1
Slings         | 1 |  1.1
Bows           | 1 |  1.1
Crossbows      | 1 |  1.1
Throwing       | 1 |  1.1
Stealth        | 1 |  1.1
Shields        | 1 |  1.1
Unarmed Combat | 1 |  1.1
Evocations     | 1 |  1.1
Fighting       | |  4.6
Polearms       | |  4.6
Armour         | |  2.7
Dodging        | |  4.6
Conjurations   | |  0.8
Hexes          | |  0.8
Charms         | |  5.4
Summonings     | |  0.8
Necromancy     | |  0.8
Translocations | |  0.8
Transmutations | |  0.8
Fire Magic     | |  0.8
Ice Magic      | |  0.8
Air Magic      | |  0.8
Earth Magic    | |  0.8
Poison Magic   | |  0.8

Action                   |  1- 3 |  4- 6 || total
-------------------------+-------+-------++-------
Melee: Spear             |    88 |    14 ||   102
       Bite              |     7 |       ||     7
 Cast: Infusion          |     6 |     1 ||     7
       Shroud of Golubri |     1 |     2 ||     3
  Use: Scroll            |     2 |     1 ||     3
 Stab: Sleeping          |       |     1 ||     1
  Eat: Chunk             |     1 |       ||     1
Armor: Leather armour    |    10 |       ||    10
Dodge: Dodged            |    61 |     3 ||    64
